 Dungeon Crawl Stone Soup version 0.32-a0-360-gcd93b57ba1 (webtiles) character file.

Game seed: 5581357505344689183

665 Goblin1989 the Cutter (level 7, -3/53 HPs)
             Began as a Coglin Chaos Knight on Feb 18, 2024.
             Was a Plaything of Xom.
             Slain by a kobold
             ... wielding a +2 short sword of electrocution
              (14 damage)
             ... in a sewer.
             The game lasted 00:10:51 (4472 turns).

Goblin1989 the Cutter (Coglin Chaos Knight)         Turns: 4472, Time: 00:10:52

Health: -3/53      AC:  6    Str: 15 (17) XL:     7   Next: 57%
Magic:  7/7        EV: 10    Int: 12 (15) God:    Xom [....*.]
Gold:   198        SH:  0    Dex: 12 (15) Spells: 6/6 levels left

rFire   . . .        k - +1 dagger (drain) {Libusa}
rCold   . . .        l - +1 dagger (flame) {Xiuhtonal}
rNeg    . . .        y - +0 scale mail
rPois   .            (no helmet)
rElec   .            (no cloak)
rCorr   .            (no gloves)
SInv    .            (no boots)
Will    .....        (no amulet) Stlth
                     h - +6 ring of strength
HPRegen 0.28/turn    (no ring)
MPRegen 0.10/turn

%: no passive effects
@: brilliant, stiff-legged, very slow
A: off-hand wielding, slow wielding, warmup strikes, warmup strides, clever 1,
sense surroundings 1, inability to drink after injury 1
a: Renounce Religion


You were in a sewer.
You worshipped Xom.
You were a beloved toy of Xom.
You visited 2 branches of the dungeon, and saw 6 of its levels.
You also visited: Sewer.

You collected 198 gold pieces.

Inventory:

Hand Weapons
 a - a +0 short sword of chaos {Tawil}
 g - a +0 short sword {Azuma}
 k - a +1 dagger of draining (weapon) {Libusa}
 l - a +1 dagger of flaming (worn) {Xiuhtonal}
Missiles
 r - 2 poisoned darts (quivered)
 t - a throwing net {!d , @Q1}
Armour
 b - a +2 leather armour
 y - a +0 scale mail (worn)
Jewellery
 h - a +6 ring of strength (left grasper)
Wands
 v - a wand of mindburst (7)
Scrolls
 c - a scroll of butterflies
 i - a scroll of identify {@r1}
 j - 2 scrolls of teleportation {!r, @r2}
 n - a scroll of fog
 s - a scroll of vulnerability {unknown}
 u - a scroll of acquirement {unknown}
 x - a scroll of poison {unknown}
Potions
 d - 2 potions of curing {@q1}
 e - a potion of cancellation
 p - 5 potions of haste {unknown}
 w - a potion of heal wounds {unknown}
Miscellaneous
 z - a box of beasts {god gift}


   Skills:
 + Level 3.9 Fighting
 * Level 6.6 Short Blades
 - Level 1.7 Armour
 + Level 2.3 Dodging
 - Level 2.0 Stealth


You had 6 spell levels left.
You didn't know any spells.
Your spell library contained the following spells:

 Spells                   Type           Power      Damage    Failure   Level
 Apportation              Tloc           0%         N/A       78%         1
 Necrotise                Necr           0%         1d4       78%         1
 Sting                    Conj/Alch      0%         1d3       78%         1
 Summon Small Mammal      Summ           0%         N/A       78%         1
 Cigotuvi's Dreadful Rot  Necr/Alch/Air  0%         N/A       89%         2
 Mercury Vapours          Alch/Air       0%         N/A       89%         2
 Anguish                  Hex/Necr       0%         N/A       100%        4
 Cause Fear               Hex            0%         N/A       100%        4
 Dispel Undead            Necr           0%         3d6       100%        4
 Martyr's Knell           Necr/Summ      0%         N/A       100%        4
 Olgreb's Toxic Radiance  Alch           0%         N/A       100%        4
 Death Channel            Necr           0%         N/A       100%        6
 Enfeeble                 Hex            0%         N/A       100%        7


Dungeon Overview and Level Annotations

Branches:
Dungeon (5/15) Zot: 25446  Temple (1/1) D:4 Zot: 5952   Sewer (1/1) Zot: 5944

Altars:
Ashenzari
Cheibriados
Dithmenos
Hepliaklqana
Nemelex Xobeh
Okawaru
Ru
Sif Muna
Trog
Wu Jian
The Shining One


Innate Abilities, Weirdness & Mutations

You can wield a second weapon in your off-hand.
It takes a long time for you to wield or remove held weapons.
Your first few attacks do less damage.
Your first movements take longer.
Your mind is acute. (Int +4, Str/Dex -1)
You passively map a small area around you.
You occasionally lose the ability to drink potions when taking damage.


Message History

No target in view!
No target in view!
No target in view!
No target in view!
No target in view!
No target in view!
No target in view!
No target in view!
No target in view!
No target in view!
You see here a frilled lizard corpse.
You feel yourself speed up.
You open the large door. 4 kobolds and a kobold brigand come into view.
A kobold is wielding a +0 dagger of venom.
A kobold is wielding a +2 short sword of electrocution.
The kobold brigand is wielding a +0 whip and quivering curare-tipped darts.
The kobold shouts! x3; The kobold brigand shouts!
Found four items.
Found a gate leading back out of this place.
There are monsters nearby!
The kobold brigand hits you but does no damage.
The kobold brigand hits you with a +0 whip.
The kobold hits you with a +2 short sword of electrocution.
There is a large open door here.
You take 7 damage, and have 46/53 hp.
You hit the kobold brigand with your +1 dagger of draining.
The kobold brigand is lightly wounded.
You barely miss the kobold brigand with your +1 dagger of flaming.
The kobold hits you but does no damage.
You are poisoned.
The kobold brigand hits you but does no damage.
The kobold hits you but does no damage.
You are electrocuted!
You take 17 damage, and have 29/53 hp.
MASSIVE DAMAGE!!
You are too injured to fight recklessly!
You are too injured to fight recklessly!
You are too injured to fight recklessly!
You are too injured to fight recklessly!
You are too injured to fight recklessly!
You are too injured to fight recklessly!
You are too injured to fight recklessly!
You are too injured to fight recklessly!
You are too injured to fight recklessly!
You are too injured to fight recklessly!
You are too injured to fight recklessly!
You are too injured to fight recklessly!
You are too injured to fight recklessly!
You are too injured to fight recklessly!
You are too injured to fight recklessly!
You are too injured to fight recklessly!
You are too injured to fight recklessly!
You are too injured to fight recklessly!
You are too injured to fight recklessly!
You are too injured to fight recklessly!
You are too injured to fight recklessly!
You are too injured to fight recklessly!
You are too injured to fight recklessly!
You are too injured to fight recklessly!
You are too injured to fight recklessly!
Unknown command.
You feel very sick. The kobold barely misses you.
You take 4 damage, and have 25/53 hp.
You enter the shallow water.
Moving in this stuff is going to be slow.
You feel sick. The kobold hits you but does no damage.
You are electrocuted!
* * * LOW HITPOINT WARNING * * *
The kobold brigand throws a curare-tipped dart.
The curare-tipped dart closely misses you.
You take 8 damage, and have 17/53 hp.
You feel sick. The kobold attacks as it pursues you!
The kobold closely misses you.
You see here a frilled lizard corpse.
You take 2 damage, and have 15/53 hp.
You feel sick.
You take 2 damage, and have 13/53 hp.
It was a potion of degeneration.
There was something very wrong with that liquid.
You feel weakened.
You feel dopey.
You feel clumsy.
Xom roars with laughter!
You feel sick.
You are no longer poisoned.
There are no items here.
It was a potion of brilliance.
You feel clever all of a sudden. "Take this token of my esteem."
Something appears at your feet!
You hear a splash.
The kobold splashes around in the water.
Unknown command.
It was a potion of mutation.
You feel extremely strange.
You feel stronger.
Your iridescent scales disappear.
You feel a little more calm.
You feel a strange attunement to the structure of the dungeons.
You feel clever.
You recover from your berserk rage.
The kobold barely misses you.
The kobold hits you with a +2 short sword of electrocution.
* * * LOW HITPOINT WARNING * * *
You are electrocuted!
You die...
Xom thinks this is hilarious!

█P..∆~~~█
██████~≈~█
█..!.█~≈~█ ·
█.!∩P█~≈~█
█..?.█~≈~█ ▓
█?...█~≈~█ · ·
██∆∆██~~~█
█..KK█~≈~█ ·
███...~█@≈~█
█....~KKK≈~█ ·
██...P~KK≈~█
█...~~█~≈~█ ·
█....~~█~~~█ ~·
█......█~≈~█~ ·
█......█~≈~~ ·
█......█~≈~~~
█......█~≈~~~.·


You could see a kobold brigand and 4 kobolds.

Vanquished Creatures
  An ogre (D:4)
  A jelly (D:4)
  A hound (D:4)
  Ijyb (D:4)
  A sleepcap (D:5)
  Natasha (thrice) (D:2)
  2 iguanas (D:4)
  An orc wizard (D:4)
  4 gnolls (D:4)
  10 adders
  4 dart slugs
  3 ribbon worms
  7 orcs
  9 ball pythons
  3 bats
  An endoplasm (D:3)
  6 giant cockroaches
  3 goblins
  9 hobgoblins
  7 jackals (D:1)
  10 quokkas
  6 frilled lizards
  9 kobolds
  6 rats
108 creatures vanquished.

Notes
Turn   | Place    | Note
-------+----------+-------------------------------------------
     0 | D:1      | Goblin1989 the Coglin Chaos Knight began the quest for the
                  | Orb.
     0 | D:1      | Reached XP level 1. HP: 18/18 MP: 1/1
    39 | D:1      | Reached skill level 3 in Short Blades
    41 | D:1      | Reached XP level 2. HP: 24/24 MP: 2/2
   113 | D:1      | You fall into a shaft and drop 1 floor!
   131 | D:2      | XOM: silly message
   141 | D:2      | Reached XP level 3. HP: 24/29 MP: 3/3
   188 | D:2      | Noticed Natasha
   194 | D:2      | XOM: summons 1 hostile shadow creature
   195 | D:2      | Killed Natasha
   196 | D:2      | Reached skill level 4 in Short Blades
   286 | D:2      | XOM: torment (12/29 hp)
   407 | D:2      | Reached XP level 4. HP: 28/35 MP: 4/4
   483 | D:2      | Found a faded altar of an unknown god.
   771 | D:1      | Reached skill level 5 in Short Blades
   881 | D:1      | Reached XP level 5. HP: 39/41 MP: 5/5
  1073 | D:1      | XOM: give mutations
  1073 | D:1      | Gained mutation: You sometimes lose your temper in combat.
                  | [Xom's mischief]
  1073 | D:1      | Gained mutation: You are weak. (Str -2) [Xom's mischief]
  1073 | D:1      | Gained mutation: You are partially covered in iridescent
                  | scales. (AC +2) [Xom's mischief]
  1073 | D:1      | Gained mutation: You occasionally lose the ability to drink
                  | potions when taking damage. [Xom's mischief]
  1405 | D:2      | XOM: 1-stop teleportation journey
  1479 | D:2      | XOM: 1-stop teleportation journey
  1649 | D:2      | Noticed Natasha
  1655 | D:2      | Killed Natasha
  1878 | D:2      | Reached skill level 1 in Dodging
  1925 | D:2      | XOM: torment (22/41 hp)
  2039 | D:2      | Noticed Natasha
  2043 | D:2      | Killed Natasha
  2044 | D:2      | Reached XP level 6. HP: 47/47 MP: 6/6
  2238 | D:3      | XOM: 2-stop teleportation journey
  2239 | D:3      | Found a glowing golden altar of the Shining One.
  2241 | D:3      | Found an iron altar of Okawaru.
  2597 | D:3      | XOM: noise
  2648 | D:3      | XOM: divination: magic mapping
  2924 | D:4      | Reached skill level 6 in Short Blades
  2924 | D:4      | Reached skill level 1 in Stealth
  3095 | D:4      | Found a staircase to the Ecumenical Temple.
  3110 | Temple   | Entered the Ecumenical Temple
  3264 | D:4      | Reached XP level 7. HP: 52/52 MP: 7/7
  3269 | D:4      | Found a broken altar of Ashenzari.
  3321 | D:4      | XOM: silly message
  3536 | D:4      | Noticed Ijyb
  3555 | D:4      | XOM: smoke on damage
  3559 | D:4      | Killed Ijyb
  3713 | D:4      | XOM: smoke on damage
  3753 | D:4      | XOM: silly message
  3906 | D:4      | XOM: divination: detect creatures
  4050 | D:3      | XOM: divination: detect items
  4274 | D:5      | Entered Level 5 of the Dungeon
  4404 | D:5      | XOM: god gift: box of beasts {god gift}
  4423 | D:5      | Found a glowing drain.
  4443 | Sewer    | Entered a sewer
  4471 | Sewer    | XOM: god gift: 19 gold pieces {god gift}
  4472 | Sewer    | Lost mutation: You are weak. (Str -2) [potion of mutation]
  4472 | Sewer    | Lost mutation: You are partially covered in iridescent
                  | scales. (AC +2) [potion of mutation]
  4472 | Sewer    | Lost mutation: You sometimes lose your temper in combat.
                  | [potion of mutation]
  4472 | Sewer    | Gained mutation: You passively map a small area around you.
                  | [potion of mutation]
  4472 | Sewer    | Gained mutation: Your mind is acute. (Int +4, Str/Dex -1)
                  | [potion of mutation]
  4472 | Sewer    | Slain by a kobold

Illustrated notes

Levels and vault maps discovered:
D:1:      heliophobic_arrival_glass_houses, layout_basic, kennysheep_minor_cross
D:2:      layout_basic, chequers_ecumenical_altar_simple_redux,
          nicolae_wormholes, uniq_natasha
D:3:      layout_basic, chequers_temple_overflow_statue_of_worship
D:4:      layout_cave_pools, ashenzari_altar_1, minmay_temple_entry_mist,
          serial_bayou_lagoon_a, uniq_ijyb
D:5:      layout_cave_pools, kennysheep_ying_yang, mainiacjoe_overflow_alcove_1,
          bloody_makhleb, gup_sewer_entry_pipe
Temple:   hellmonk_temple_forest_ring
Sewer:    kennysheep_pipe_town

Skill      XL: |  1  2  3  4  5  6  7 |
---------------+----------------------+-----
Short Blades   | 3 4 5 6 |  6.6
Dodging        | 1 2 |  2.3
Stealth        | 1 2 |  2.0
Fighting       | |  3.9
Armour         | |  1.7

Action                     |  1- 3 |  4- 6 |  7- 9 || total
---------------------------+-------+-------+-------++-------
  Melee: Short sword       |    59 |   181 |       ||   240
         Dagger            |       |   106 |   189 ||   295
    Use: Scroll            |       |       |     4 ||     4
         Potion            |       |       |     4 ||     4
   Stab: Confused          |     2 |     2 |       ||     4
         Sleeping          |       |     2 |       ||     2
 Armour: Leather armour    |    30 |   153 |    39 ||   222
         Scale mail        |       |       |    21 ||    21
  Dodge: Dodged            |    28 |   130 |    59 ||   217

Table legend: (Time is in decaauts)
 A = Elapsed time spent in this place.
 B = Non-inter-level travel time spent in this place.
 C = Inter-level travel time spent in this place.
 D = Time resting spent in this place.
 E = Time spent auto-exploring this place.
 F = Levels seen in this place.
 G = Mean time per level.
                   A        B        C        D        E       F      G
               +--------+--------+--------+--------+--------+-----+--------+
         Total |   4656 |   4187 |    469 |    417 |   2875 |   7 |  665.1 |
       Dungeon |   4553 |   4084 |    469 |    417 |   2799 |   5 |  910.6 |
        Temple |     47 |     47 |      0 |      0 |     46 |   1 |   47.0 |
         Sewer |     54 |     54 |      0 |      0 |     29 |   1 |   54.0 |
               +--------+--------+--------+--------+--------+-----+--------+

Top non-repeatable levels by time:
     D:2: 1392 daAuts
     D:3: 1103 daAuts
     D:4: 1077 daAuts
     D:1: 876 daAuts
     D:5: 104 daAuts
   Sewer: 54 daAuts
  Temple: 47 daAuts
